 Dungeon Crawl Stone Soup version 0.22-a0-181-gb22368a (webtiles) character file.

483 Amnesiac the Digger (level 6, 0/41 HPs)
             Began as a Mummy Earth Elementalist on Feb 14, 2018.
             Was a Follower of Ashenzari.
             Slain by an ufetubus (4 damage)
             ... summoned by Eustachio
             ... on level 5 of the Dungeon.
             The game lasted 00:09:03 (4563 turns).

Amnesiac the Digger (Mummy Earth Elementalist)      Turns: 4563, Time: 00:09:04

Health: 0/41       AC:  5    Str: 11    XL:     6   Next: 88%
Magic:  0/14       EV: 12    Int: 17    God:    Ashenzari [*.....]
Gold:   361        SH:  0    Dex: 12    Spells: 0/15 levels left

rFire    x . .     SeeInvis .   a - +0 dagger
rCold    + . .     Gourm    .   (no shield)
rNeg     + + +     Faith    .   c - +0 robe
rPois    ∞         Spirit   .   n - +0 helmet
rElec    .         Reflect  .   (no cloak)
rCorr    +         Harm     .   h - +1 pair of gloves
MR       .....                  (no boots)
Stlth    +.........             (no amulet)
HPRegen  0.13/turn              k - ring of loudness (curse)
MPRegen  0.14/turn              l - ring of resist corrosion (curse)

@: no status effects
A: no food or potions, fire vulnerability, cold resistance 1, negative energy
resistance 3, torment resistance, unbreathing
a: Curse Item, Scrying, Renounce Religion


You were on level 5 of the Dungeon.
You worshipped Ashenzari.
Ashenzari was aware of your devotion.
You were not hungry.

You visited 2 branches of the dungeon, and saw 6 of its levels.

You collected 361 gold pieces.

Inventory:

Hand Weapons
 a - a +0 dagger (weapon)
Armour
 c - a +0 robe (worn)
 h - a +1 pair of gloves (worn)
 m - a cursed +0 leather armour
 n - a +0 helmet (worn)
Jewellery
 k - a cursed ring of loudness (left hand)
 l - a cursed ring of resist corrosion (right hand)
Scrolls
 e - a scroll of remove curse {!r}
 f - a scroll of enchant weapon {!r}
 g - a scroll of identify {!r}
 i - a scroll of blinking {!r}
Books
 d - a book of Geomancy

   Spells                             Type                      Level
   a - Sandblast                      Earth                        1
   b - Passwall                       Transmutation/Earth          2
   c - Stone Arrow                    Conjuration/Earth            3
   d - Petrify                        Transmutation/Earth          4
   e - Lee's Rapid Deconstruction     Earth                        5


   Skills:
 - Level 1.5 Dodging
 - Level 1.5 Stealth
 + Level 5.4 Spellcasting
 - Level 1.2 Transmutations
 * Level 5.5 Earth Magic


You couldn't memorise any spells.
You knew the following spells:

 Your Spells              Type           Power        Failure   Level  Hunger
a - Stone Arrow           Conj/Erth      ##....       13%         3    N/A
b - Passwall              Tmut/Erth      ###.......   5%          2    N/A
c - Sandblast             Erth           ###...       1%          1    N/A
d - Lee's Rapid Deconstr  Erth           ###.......   36%         5    N/A
e - Petrify               Tmut/Erth      ###.....     34%         4    N/A

Dungeon Overview and Level Annotations

Branches:
Dungeon (5/15)             Temple (1/1) D:4

Altars:
Ashenzari
Cheibriados
Dithmenos
Elyvilon
Fedhas
Kikubaaqudgha
Okawaru
Trog
Uskayaw
Xom
Zin
The Shining One

Shops:
D:4 =

Annotations:
D:1 Terence
D:5 Eustachio


Innate Abilities, Weirdness & Mutations

You do not eat or drink.
Your flesh is vulnerable to fire.
You are immune to poison.
Your flesh is cold resistant. (rC+)
You are immune to negative energy. (rN+++)
You are immune to unholy pain and torment.
You can survive without breathing.


Message History

The adder bites you but does no damage.
You hit the adder.
The adder is lightly wounded.
The adder closely misses you. The giant cockroach barely misses you.
The rat closely misses you.
The crimson imp blinks!
Casting: Stone Arrow (safe; 13% risk of failure)
Confirm with . or Enter, or press ? or * to list all spells.
You don't have enough magic to cast that spell.
Unknown command.
Casting: Stone Arrow (safe; 13% risk of failure)
Confirm with . or Enter, or press ? or * to list all spells.
Aiming: Sandblast (safe; 1% risk of failure)
Press: ? - help, Shift-Dir - straight line, f - adder, p - Eustachio
Aim: an adder (lightly wounded)
You don't have any stones to cast with.
Casting: Sandblast (safe; 1% risk of failure)
Confirm with . or Enter, or press ? or * to list all spells.
Aiming: Sandblast (safe; 1% risk of failure)
Press: ? - help, Shift-Dir - straight line, f/p - adder
Aim: an adder (lightly wounded)
You don't have any stones to cast with.
You closely miss the adder.
The adder is lightly wounded.
The adder bites you but does no damage. The giant cockroach closely misses you.
The rat barely misses you.
You hit the adder.
The adder is moderately wounded.
The adder closely misses you.
The giant cockroach bites you but does no damage.
The rat bites you.
* * * LOW HITPOINT WARNING * * *
The crimson imp blinks!
The adder bites you.
* * * LOW HITPOINT WARNING * * *
Casting: Sandblast (safe; 1% risk of failure)
Confirm with . or Enter, or press ? or * to list all spells.
Aiming: Stone Arrow (safe; 13% risk of failure)
Press: ? - help, Shift-Dir - straight line, f/p - adder
Aim: an adder (moderately wounded)
The stone arrow misses the adder.
The giant cockroach misses you.
Eustachio says, "Summoning is fun!"
Eustachio casts a spell.
Eustachio blinks!
The adder bites you but does no damage. The rat bites you but does no damage.
You hit the adder.
The adder is severely wounded.
The giant cockroach bites you but does no damage.
The adder bites you.
* * * LOW HITPOINT WARNING * * *
The rat misses you. The giant cockroach barely misses you.
The crimson imp blinks!
Okay, then.
You hit the adder.
You kill the adder!
The giant cockroach closely misses you. The rat bites you but does no damage.
The ufetubus hits you.
* * * LOW HITPOINT WARNING * * *
The ufetubus completely misses you.
Really read
j - a scroll of fear {!r}?
As you read the scroll of fear {!r}, it crumbles to dust.
You assume a fearsome visage.
Eustachio looks frightened!
The giant cockroach looks frightened!
The bat looks frightened!
The rat looks frightened!
The ufetubus is unaffected.
The crimson imp is unaffected.
The ufetubus hits you.
You die...

..# .... ...
... ##.# #..#
#.5##
#######.s@#
.##.#.#.#...r##
.......5§b..@#
#.#<#....#
#..[#...#
#...#...#
...>#..?..#
..#.#...#..##
##.#%##$.#


You could see Eustachio (fleeing), a crimson imp, an ufetubus, a giant cockroach
(fleeing), a bat (fleeing) and a rat (fleeing).

Vanquished Creatures
  An ogre (D:3)
  A centaur (D:4)
  A hound (D:4)
  A centaur skeleton (D:3)
  4 orc wizards
  5 adders
  An ooze (D:2)
  2 worms (D:3)
  4 leopard geckos
  17 orcs
  7 bats
  4 giant cockroaches
  8 goblins
  4 hobgoblins
  6 jackals
  2 quokkas (D:3)
  3 frilled lizards
  7 kobolds
  9 rats
  A fungus (D:1)
88 creatures vanquished.

Notes
Turn   | Place    | Note
-------+----------+-------------------------------------------
     0 | D:1      | Amnesiac the Mummy Earth Elementalist began the quest for the Orb.
     0 | D:1      | Reached XP level 1. HP: 13/13 MP: 4/4
   308 | D:1      | Reached XP level 2. HP: 12/19 MP: 2/5
   452 | D:1      | Learned a level 2 spell: Passwall
   798 | D:1      | Reached XP level 3. HP: 23/24 MP: 5/7
  1230 | D:2      | Noticed Terence
  1720 | D:3      | Noticed an ogre
  1723 | D:3      | Killed an ogre
  1723 | D:3      | Reached XP level 4. HP: 27/30 MP: 2/10
  1723 | D:3      | Reached XP level 5. HP: 32/35 MP: 2/11
  1729 | D:3      | Learned a level 4 spell: Petrify
  1735 | D:3      | Learned a level 5 spell: Lee's Rapid Deconstruction
  1989 | D:4      | Found a staircase to the Ecumenical Temple.
  1999 | Temple   | Entered the Ecumenical Temple
  2007 | Temple   | Became a worshipper of Ashenzari the Shackled
  2281 | D:2      | Found a bloodstained altar of Trog.
  2281 | D:2      | Found a glowing silver altar of Zin.
  2543 | D:2      | Reached XP level 6. HP: 31/41 MP: 7/13
  2544 | D:2      | Reached skill level 5 in Earth Magic
  2545 | D:2      | Reached skill level 5 in Spellcasting
  3286 | D:3      | Learned a level 3 spell: Stone Arrow
  3839 | D:4      | Found Tothuj's Jewellery Shop.
  3863 | D:5      | Entered Level 5 of the Dungeon
  3941 | D:4      | Found an iron altar of Okawaru.
  3957 | D:4      | Reached skill level 1 in Transmutations
  4191 | D:4      | Reached * piety under Ashenzari
  4530 | D:5      | Noticed Eustachio
  4563 | D:5      | Slain by an ufetubus

Vault maps used:
D:1:      lightli_iron_boxes, minmay_gold_behind_fungi,
          corexii_item_surrounded_by_moat
D:2:      gammafunk_temple_overflow_pools, uniq_terence
D:4:      minmay_temple_entry_water_ring, serial_shops, shop_coins,
          okawaru_trees_1
D:5:      kennysheep_little_box, first_ration, uniq_edmund, uniq_ijyb,
          uniq_crazy_yiuf_cottage, uniq_eustachio
Temple:   lightli_temple_of_artemis

Skill      XL: |  1  2  3  4  5  6 |
---------------+-------------------+-----
Spellcasting   | 3 4 5 |  5.4
Earth Magic    | 3 4 5 |  5.5
Transmutations | 1 |  1.2
Dodging        | |  1.5
Stealth        | |  1.5

Action                   |  1- 3 |  4- 6 || total
-------------------------+-------+-------++-------
Melee: Dagger            |   114 |   115 ||   229
       Unarmed           |     5 |       ||     5
 Cast: Sandblast         |    57 |    45 ||   102
       Stone Arrow       |       |    22 ||    22
       Petrify           |       |     8 ||     8
       Passwall          |       |     1 ||     1
Invok: Curse Item        |       |     1 ||     1
  Use: Scroll            |       |     4 ||     4
 Stab: Petrified         |       |    21 ||    21
       Petrifying        |       |     1 ||     1
Armor: Robe              |    32 |    51 ||    83
Dodge: Dodged            |    88 |   140 ||   228

Table legend:
 A = Spawn XP
 B = Non-spawn XP
 C = Spawn XP percentage of total XP
 D = Spawn monster count
 E = Non-spawn monster count
 F = Spawn count percentage of total count
 G = Total turns spent on level
                    A         B        C        D         E        F      G
               +---------+---------+-------+---------+---------+-------+---------
         Total |       0 |     691 |   0.0 |       0 |      87 |   0.0 |  4563
               +---------+---------+-------+---------+---------+-------+---------
           D:1 |       0 |      47 |   0.0 |       0 |      29 |   0.0 |  1335
           D:2 |       0 |     173 |   0.0 |       0 |      19 |   0.0 |  1140
           D:3 |       0 |     244 |   0.0 |       0 |      28 |   0.0 |  1187
           D:4 |       0 |     214 |   0.0 |       0 |      10 |   0.0 |   845
           D:5 |       0 |      13 |   0.0 |       0 |       1 |   0.0 |    36
               +---------+---------+-------+---------+---------+-------+---------
